 Dungeon Crawl Stone Soup version 0.31.0 (webtiles) character file.

Game seed: 17424854244556325880

9 Esekla the Sneak (level 2, -4/21 HPs)
             Began as an Octopode Delver on Jan 19, 2024.
             Slain by a howler monkey (7 damage)
             ... on level 5 of the Dungeon.
             The game lasted 00:01:18 (114 turns).

Esekla the Sneak (Octopode Delver)                   Turns: 114, Time: 00:01:18

Health: -4/21      AC:  1    Str: 11    XL:     2   Next: 12%
Magic:  2/2        EV: 13    Int: 12    God:
Gold:   5          SH:  0    Dex: 13    Spells: 1/1 levels left

rFire   . . .        a - +0 falchion
rCold   . . .        (no shield)
rNeg    . . .        (helmet restricted)
rPois   .            (no amulet)
rElec   .            (no ring)
rCorr   .            (no ring)
SInv    .            (no ring)
Will    .....        (no ring)
Stlth   ++++         (no ring)
HPRegen 0.23/turn    (no ring)
MPRegen 0.08/turn    (no ring)
                     (no ring)

%: no passive effects
@: no status effects
A: almost no armour, amphibious, 8 rings, camouflage 1, gelatinous body 1,
(nimble swimmer 1), tentacles
a: no special abilities


You were on level 5 of the Dungeon.
You visited 1 branch of the dungeon, and saw 1 of its levels.

You collected 5 gold pieces.

Inventory:

Hand Weapons
 a - a +0 falchion (weapon)
Wands
 f - a wand of digging (3)
Scrolls
 b - a scroll of fog
 c - a scroll of poison {unknown}
 g - a scroll of identify {unknown}
Potions
 e - a potion of haste


   Skills:
 * Level 3.1 Fighting
 * Level 2.1 Long Blades
 * Level 2.1 Dodging
 + Level 6.8 Stealth
 * Level 0.2 Spellcasting


You had one spell level left.
You didn't know any spells.
Your spell library was empty.

Dungeon Overview and Level Annotations

Branches:
Dungeon (5/15)             Temple (0/1) D:5

Altars:


Innate Abilities, Weirdness & Mutations

You cannot wear most types of armour.
You are amphibious.
You can wear up to eight rings at the same time.
Your skin changes colour to match your surroundings (Stealth+).
Your rubbery body absorbs attacks. (AC +1, EV +1)
((You are camouflaged when in or above water. (Stealth+)))
You have tentacles for arms and can constrict up to eight enemies at once.


Message History

The howler monkey hoots and howls with incredible vigour!
The adder misses you.
You hear an angry hiss.
You hear a shout! x2
You hit the adder.
You kill the adder!
You feel sick. The hound barely misses you.
You have reached level 2!
As you read the scroll of fear, it crumbles to dust.
You assume a fearsome visage.
The howler monkey looks frightened!
The hound looks frightened!
You feel sick.
You feel sick.
You see here an adder corpse.
You feel sick.
You feel sick.
You are no longer poisoned.
Found 5 gold pieces.
Found a staircase to the Ecumenical Temple.
The howler monkey seems to regain its courage.
The howler monkey hoots and howls with incredible vigour!
You hear a shout!
The adder hisses angrily.
The howler monkey hoots and howls with incredible vigour!
You hear a shout! x3; You hear an angry hiss.
You hear a shout!
The howler monkey hits you.
* * * LOW HITPOINT WARNING * * *
You completely miss the howler monkey. Your grab misses the howler monkey.
The howler monkey hits you.
* * * LOW HITPOINT WARNING * * *
Found a scroll labelled OMAFFA WOADIGG.
The howler monkey attacks as it pursues you!
The howler monkey closely misses you.
The howler monkey hoots and howls with incredible vigour!
You hear a bark!
You hear a shout! x2; You hear an angry hiss.
You see here 5 gold pieces.
You now have 5 gold pieces.
The howler monkey closely misses you.
Found 19 gold pieces.
You hit the howler monkey. Your grab misses the howler monkey.
The howler monkey is lightly wounded.
The howler monkey hits you!
You die...

,,,,,,,,,******* *,* #.#.#
,,,,,,,,,* *,* #.#.#
,,,,,,,,,***######**,* #.#.#
,,,,,,,,,+,,,.....,,,* #.#.#
,,,,,,,,,****#...#**** #.#.#
********** #...##########.#.#
,,,,,,* #.?............#.#
,,,,,,* #...#......#*#.†.#
,,,,,,****####..@#......###.#####
,,,,,,,,,........hS..........S...
,,,,,,***#####.###......###.#####
**,,*********#.* #......# #.#
*,,,,,,,,,,,.,**#......#*#.#
*,****,,,,,.$,,#...........#
**,*****,,,..,..........#####
,,,,,,,,,,......#..h....#
,,,,,,,,*,,,*####.......#


You could see a howler monkey (catching breath) and an adder.

Vanquished Creatures
  An adder (D:5)
1 creature vanquished.

Notes
Turn   | Place    | Note
-------+----------+-------------------------------------------
     0 | D:5      | Esekla the Octopode Delver began the quest for the Orb.
     0 | D:5      | Reached XP level 1. HP: 16/16 MP: 1/1
    29 | D:5      | Noticed a scorpion
    75 | D:5      | Noticed a howler monkey
    90 | D:5      | Noticed a hound
    98 | D:5      | Reached XP level 2. HP: 11/21 MP: 2/2
   105 | D:5      | Found a staircase to the Ecumenical Temple.
   114 | D:5      | Slain by a howler monkey

Illustrated notes

Levels and vault maps discovered:
D:5:      layout_basic, mainiacjoe_overflow_alcove_1,
          minmay_temple_entry_butterflies, gammafunk_ghost_necromancy

Action                     || total
---------------------------++-------
  Melee: Falchion          ||     5
         Tentacles         ||     1
    Use: Scroll            ||     2
 Armour: Skin              ||     6
  Dodge: Dodged            ||     6
